 Dungeon Crawl Stone Soup version 0.24-b1 (webtiles) character file.

Game seed: 3895792853763035919, levelgen mode: deterministic

884 MrRokkomies the Sneak (level 8, -1/69 HPs)
             Began as an Octopode Venom Mage on Oct 12, 2019.
             Slain by a scorpion (9 damage)
             ... on level 5 of the Dungeon.
             The game lasted 00:12:46 (3424 turns).

MrRokkomies the Sneak (Octopode Venom Mage)         Turns: 3424, Time: 00:12:46

Health: -1/69      AC:  1    Str: 13    XL:     8   Next: 5%
Magic:  6/11       EV: 13    Int: 19    God:
Gold:   47         SH:  5    Dex: 12    Spells: 2/11 levels left

rFire    . . .     SeeInvis .   a - +3 quarterstaff (chaos)
rCold    . . .     Gourm    .   (shield currently unavailable)
rNeg     . . .     Faith    .   (helmet restricted)
rPois    .         Spirit   .   j - +5 amulet of reflection
rElec    .         Reflect  +   i - +4 ring of slaying
rCorr    +         Harm     .   d - ring of resist corrosion
MR       .....                  (no ring)
Stlth    ..........             (no ring)
HPRegen  0.21/turn              (no ring)
MPRegen  0.12/turn              (no ring)
                                (no ring)
                                (no ring)

@: berserking (expiring), very quick
A: almost no armour, stealthy swim, amphibious, 8 rings, constrict 8, camouflage
1, gelatinous body 1
a: no special abilities


You were on level 5 of the Dungeon.
You were hungry.

You visited 1 branch of the dungeon, and saw 5 of its levels.

You collected 99 gold pieces.
You spent 52 gold pieces at shops.

Inventory:

Hand Weapons
 a - a +3 quarterstaff of chaos (weapon)
Jewellery
 d - a ring of resist corrosion (right tentacle)
 i - a +4 ring of slaying (left tentacle)
 j - a +5 amulet of reflection (around mantle)
Wands
 e - a wand of enslavement (5)
Scrolls
 p - a scroll of remove curse
Potions
 c - a potion of flight
 f - a potion of heal wounds
 g - 2 potions of resistance
 h - a potion of might {unknown}
 k - a potion of haste
 l - 2 potions of berserk rage
 m - a potion of agility {unknown}
 n - 4 potions of curing
 o - a potion of brilliance {unknown}
 q - a potion of cancellation {unknown}
 r - a potion of lignification {unknown}
Comestibles
 b - 9 rations


   Skills:
 - Level 2.0 Dodging
 + Level 6.1 Stealth
 - Level 2.0 Spellcasting
 * Level 5.5 Conjurations
 * Level 4.5 Air Magic
 - Level 5.1 Poison Magic


You had 2 spell levels left.
You knew the following spells:

 Your Spells              Type           Power        Failure   Level  Hunger
a - Olgreb's Toxic Radia  Pois           ###.....     21%         4    #####..
b - Poisonous Vapours     Pois/Air       ###...       3%          2    ###....
c - Mephitic Cloud        Conj/Pois/Air  ###.....     6%          3    ###....

Your spell library contained the following spells:

 Spells                   Type           Power        Failure   Level  Hunger
 Sting                    Conj/Pois      ###.         1%          1    #......
 Venom Bolt               Conj/Pois      ###.......   45%         5    ######.


Dungeon Overview and Level Annotations

Branches:
Dungeon (5/15)
 Temple: D:4-7

Altars:
Elyvilon
Nemelex Xobeh
Uskayaw
Yredelemnul

Shops:
D:4 ?}?([

Annotations:
D:4 3 runed translucent doors, anet's ghost, amateur DEWz; gentoosiast's ghost, amateur GnSk; losten's ghost, novice DsBe


Innate Abilities, Weirdness & Mutations

You cannot wear most types of armour.
You are very stealthy in the water. (Stealth+)
You are amphibious.
You can wear up to eight rings at the same time.
You can use your tentacles to constrict eight enemies at once.
Your skin changes colour to match your surroundings (Stealth+).
Your rubbery body absorbs attacks. (AC +1, EV +1)


Message History

The phantom hits you.
* * * LOW HITPOINT WARNING * * *
You closely miss the phantom. You squeeze the phantom!
You destroy the phantom!
You barely miss the ogre. You squeeze the ogre!!
The ogre is almost dead.
The ogre misses you.
You sock the ogre!
You kill the ogre!
Your Stealth skill increases to level 6!
You have reached level 8!
You barely miss the orc. Your grab misses the orc.
The orc hits you with a +0 morningstar!
* * * LOW HITPOINT WARNING * * *
You sock the orc!
You kill the orc!
You sock the jackal zombie!
You destroy the jackal zombie!
The scorpion stings you!
You die...

#######
#.....#
#.# #@#
###s#
#...#
#....o#
##....#
.....#
#####.#
...
.##.


You could see a scorpion.

Vanquished Creatures
  A hippogriff (D:5)
  A phantom (D:5)
  2 ogres
  A scorpion (D:5)
  A howler monkey (D:4)
  4 orc priests
  Crazy Yiuf (D:2)
  An iguana (D:3)
  A howler monkey skeleton (D:4)
  4 gnolls
  6 adders
  An ooze (D:2)
  A worm (D:2)
  3 dart slugs
  6 leopard geckos
  11 orcs
  4 giant cockroaches
  8 goblins
  3 hobgoblins (D:1)
  5 kobolds
  A quokka (D:3)
  3 bats
  5 frilled lizards
  A jackal zombie (D:5)
  A quokka skeleton (D:4)
  8 rats
84 creatures vanquished.

Vanquished Creatures (others)
  2 withered plants (D:4)
2 creatures vanquished.

Grand Total: 86 creatures vanquished

Notes
Turn   | Place    | Note
-------+----------+-------------------------------------------
     0 | D:1      | MrRokkomies the Octopode Venom Mage began the quest for the
                  | Orb.
     0 | D:1      | Reached XP level 1. HP: 11/11 MP: 3/3
   364 | D:1      | Reached XP level 2. HP: 17/17 MP: 5/5
   373 | D:1      | Reached skill level 3 in Stealth
   414 | D:1      | Reached XP level 3. HP: 19/21 MP: 6/6
   598 | D:1      | Learned a level 2 spell: Poisonous Vapours
   602 | D:1      | Learned a level 3 spell: Mephitic Cloud
   977 | D:2      | Found a hide-covered altar of Uskayaw.
   977 | D:2      | Noticed a +0 hand axe
   977 | D:2      | Noticed a +0 hand axe
  1056 | D:2      | Found a sparkling altar of Nemelex Xobeh.
  1169 | D:2      | Reached XP level 4. HP: 17/27 MP: 7/7
  1673 | D:2      | Found a runed translucent door.
  1679 | D:2      | Noticed Crazy Yiuf
  1699 | D:2      | Killed Crazy Yiuf
  1699 | D:2      | Reached skill level 5 in Poison Magic
  1699 | D:2      | Reached XP level 5. HP: 31/31 MP: 0/8
  1851 | D:3      | Reached skill level 4 in Stealth
  1986 | D:3      | Reached skill level 1 in Air Magic
  1991 | D:3      | Reached XP level 6. HP: 7/36 MP: 4/9
  2769 | D:4      | Found Toddaoh's Antique Armour Emporium.
  2880 | D:4      | Found a runed translucent gate.
  2880 | D:4      | Found a runed translucent gate.
  2880 | D:4      | Found a runed translucent gate.
  2887 | D:4      | Noticed anet's ghost (amateur DEWz)
  2887 | D:4      | Noticed gentoosiast's ghost (amateur GnSk)
  2888 | D:4      | Noticed losten's ghost (novice DsBe)
  2896 | D:4      | Reached skill level 5 in Stealth
  2896 | D:4      | Reached XP level 7. HP: 32/41 MP: 10/10
  2914 | D:4      | Learned a level 4 spell: Olgreb's Toxic Radiance
  2926 | D:4      | Found Baem's Gadget Emporium.
  2956 | D:4      | Found Ontiab's Magic Scroll Boutique.
  2964 | D:4      | Bought a scroll of identify for 26 gold pieces
  2964 | D:4      | Bought a scroll of identify for 26 gold pieces
  2966 | D:4      | Found Mademeucvo's Magic Scroll Boutique.
  3001 | D:4      | Found Erim's Antique Weapon Boutique.
  3036 | D:4      | Found a white marble altar of Elyvilon.
  3087 | D:4      | Found a basalt altar of Yredelemnul.
  3237 | D:5      | Entered Level 5 of the Dungeon
  3405 | D:5      | Noticed a hippogriff
  3415 | D:5      | Killed a hippogriff
  3415 | D:5      | Reached skill level 5 in Conjurations
  3420 | D:5      | Reached skill level 6 in Stealth
  3420 | D:5      | Reached XP level 8. HP: 17/46 MP: 5/11
  3424 | D:5      | Slain by a scorpion

Skill      XL: |  1  2  3  4  5  6  7 |
---------------+----------------------+-----
Stealth        | 3 4 5 6 |  6.1
Poison Magic   | 4 5 |  5.1
Conjurations   | 2 3 4 5 |  5.5
Air Magic      | 1 3 4 |  4.5
Dodging        | |  2.0
Spellcasting   | |  2.0

Action                   |  1- 3 |  4- 6 |  7- 9 || total
-------------------------+-------+-------+-------++-------
Melee: Unarmed           |     9 |       |       ||     9
       Hand axe          |    22 |       |       ||    22
       Constrict         |    15 |    23 |     4 ||    42
       Tentacles         |     5 |    10 |     4 ||    19
       Spear             |    27 |    18 |       ||    45
       Quarterstaff      |       |    57 |    25 ||    82
Throw: Throwing net      |       |     1 |       ||     1
 Cast: Poisonous Vapours |     2 |     5 |     3 ||    10
  Use: Scroll            |     4 |     2 |     3 ||     9
       Potion            |       |     2 |     1 ||     3
 Stab: Sleeping          |     9 |     7 |     1 ||    17
       Paralysed         |       |     1 |       ||     1
  Eat: Chunk             |       |     6 |     2 ||     8
Armor: Skin              |     2 |     2 |     1 ||     5
Dodge: Dodged            |    18 |    46 |    11 ||    75
Block: Other             |     1 |    16 |     4 ||    21
       Reflection        |       |     2 |       ||     2
